 Dungeon Sprint DCSS version 0.18.1-48-g4cf74bf (webtiles) character file.

3700000 Groucho the Intangible (level 23, -1/153 HPs)
             Began as a Spriggan Abyssal Knight on July 7, 2016.
             Was the Champion of Makhleb.
             Slain by a meat berserker
             ... wielding a +9 battleaxe
              (43 damage)
             ... in the Dungeon (Sprint VIII: "Arena of Blood").
             The game lasted 00:01:43 (37 turns).

Groucho the Intangible (Spriggan Abyssal Knight)      Turns: 37, Time: 00:01:44

Health: -1/153     AC:  4    Str:  8    XL:     23   Next: 47%
Magic:  23/55      EV: 44    Int: 15    God:    Makhleb [******]
Gold:   0          SH:  0    Dex: 24    Spells: 0 memorised, 76 levels left

rFire  . . .     SeeInvis +     j - +∞ Axe of Woe
rCold  . . .     Gourm    .     b - +0 robe
rNeg   . . .     Faith    .     (shield currently unavailable)
rPois  .         Spirit   .     (helmet restricted)
rElec  .         Dismiss  .     (no cloak)
rCorr  .         Reflect  .     (gloves unavailable)
SustAt .         Harm     .     (boots unavailable)
MR     ++++.     NoTele   +     (no amulet)
Stlth  ++++++++++               (no ring)
                                (no ring)

@: very quick, incredibly resistant to hostile enchantments, uncannily stealthy
A: unfitting armour, see invisible, herbivore 3, speed 3, slow metabolism 2
a: Minor Destruction, Lesser Servant of Makhleb, Major Destruction, Greater
Servant of Makhleb, Renounce Religion


You were in the Dungeon.
You worshipped Makhleb.
Makhleb was exalted by your worship.
You were not hungry.

You visited 1 branch

Inventory:

Hand Weapons
 a - a +1 short sword
 j - the +∞ Axe of Woe (weapon)
   (You found it in the Dungeon)
Armour
 b - a +0 robe (worn)
Scrolls
 i - a scroll of blinking
Potions
 d - a potion of curing
 e - a potion of heal wounds
 f - a potion of haste
 g - 2 potions of magic
 h - a potion of berserk rage
Comestibles
 c - a bread ration


   Skills:
 O Level 27 Fighting
 O Level 27 Short Blades
 O Level 27 Axes
 O Level 27 Throwing
 O Level 27 Armour
 O Level 27 Dodging
 O Level 27 Stealth
 O Level 27 Unarmed Combat
 O Level 27 Spellcasting
 O Level 27 Invocations


You had 76 spell levels left.
You didn't know any spells.

Dungeon Overview and Level Annotations

Branches:
Dungeon (1/1)

Altars:
Makhleb

Annotations:
D The Servant


Innate Abilities, Weirdness & Mutations

You are tiny and cannot use many weapons and most armour.
You have supernaturally acute eyesight.
You are a herbivore.
You cover ground extremely quickly.
You need consume almost no food.


Message History

You kill the bag of meat!
Makhleb accepts your kill.
You are engulfed in roaring flames.
You hear a shout! x4
An ogre and a vampire knight come into view.
Failed to move towards target.
Failed to move towards target.
Unknown command. 3 orcs and an ogre come into view.
You are engulfed in roaring flames.
You hear a shout! x3
The Servant is engulfed in roaring flames.
The Servant hits you with a +9 glaive of flaming!!!!
Ouch! That really hurt!
The Servant burns you!
* * * LOW HITPOINT WARNING * * *
You hear a shout!
The meat berserker is engulfed in roaring flames.
The meat berserker hits you with a +9 battleaxe!!!
You die...

...... .. .....
#. ....# #.. ...#
oO .###..
..%###.oo
......###V.......
....z._o@O...O..
#%X.§@# #_oo§§#
#...))#
......_.Ox..
......###......
.###.. ...###..
#.. ...# . #.
...# .. D.V..


You could see The Servant, a destroyer, a sculptor of flesh, a large
abomination, 4 meat berserkers, a small abomination and 6 bags of meat.

Vanquished Creatures
  A vampire knight (D)
  11 ogres (D)
  22 orcs (D)
  2 hill giants (D)
  2 large abominations (D)
38 creatures vanquished.

Notes
Turn   | Place    | Note
--------------------------------------------------------------
     0 | D        | Groucho the Spriggan Abyssal Knight began the quest for the Orb.
     0 | D        | Reached XP level 1. HP: 11/11 MP: 3/3
     3 | D        | Noticed a bag of meat
     4 | D        | Fell from the grace of Lugonu
     4 | D        | Became a worshipper of Makhleb the Destroyer
     5 | D        | Noticed a bag of meat
     5 | D        | Noticed a bag of meat
     6 | D        | Noticed a bag of meat
     7 | D        | Noticed a bag of meat
     7 | D        | Noticed a meat berserker
     8 | D        | Noticed a bag of meat
     9 | D        | Noticed a meat berserker
     9 | D        | Noticed a bag of meat
    10 | D        | Killed a bag of meat
    10 | D        | Reached skill level 15 in Axes
    10 | D        | Reached XP level 2. HP: 25/25 MP: 4/4
    10 | D        | Reached XP level 3. HP: 30/30 MP: 5/5
    10 | D        | Reached XP level 4. HP: 35/35 MP: 6/6
    10 | D        | Reached XP level 5. HP: 39/39 MP: 7/7
    10 | D        | Reached XP level 6. HP: 43/43 MP: 8/8
    10 | D        | Reached XP level 7. HP: 47/47 MP: 9/9
    10 | D        | Reached XP level 8. HP: 52/52 MP: 10/10
    10 | D        | Reached XP level 9. HP: 56/56 MP: 11/11
    10 | D        | Reached XP level 10. HP: 61/61 MP: 12/12
    10 | D        | Reached XP level 11. HP: 65/65 MP: 13/13
    11 | D        | Noticed a meat berserker
    11 | D        | Noticed a meat berserker
    11 | D        | Noticed a meat berserker
    11 | D        | Killed a meat berserker
    11 | D        | Reached * piety under Makhleb
    11 | D        | Reached skill level 15 in Fighting
    11 | D        | Reached skill level 27 in Dodging
    11 | D        | Reached XP level 12. HP: 76/76 MP: 14/14
    11 | D        | Reached XP level 13. HP: 80/80 MP: 15/15
    11 | D        | Killed a meat berserker
    11 | D        | Reached XP level 14. HP: 90/90 MP: 16/16
    11 | D        | Killed a bag of meat
    11 | D        | Reached ** piety under Makhleb
    11 | D        | Reached XP level 15. HP: 95/95 MP: 17/17
    12 | D        | Killed a meat berserker
    12 | D        | Reached *** piety under Makhleb
    12 | D        | Reached skill level 27 in Axes
    12 | D        | Reached XP level 16. HP: 108/108 MP: 18/18
    14 | D        | Noticed a meat berserker
    14 | D        | Killed a meat berserker
    14 | D        | Reached **** piety under Makhleb
    14 | D        | Reached skill level 27 in Fighting
    14 | D        | Reached skill level 5 in Throwing
    14 | D        | Reached skill level 5 in Invocations
    14 | D        | Reached XP level 17. HP: 121/121 MP: 18/27
    15 | D        | Killed a meat berserker
    15 | D        | Reached skill level 10 in Throwing
    15 | D        | Reached skill level 10 in Invocations
    16 | D        | Noticed a meat berserker
    16 | D        | Reached skill level 10 in Unarmed Combat
    16 | D        | Reached ***** piety under Makhleb
    16 | D        | Reached skill level 10 in Armour
    16 | D        | Reached skill level 15 in Spellcasting
    16 | D        | Reached XP level 18. HP: 127/127 MP: 18/38
    17 | D        | Noticed a meat berserker
    17 | D        | Killed a meat berserker
    17 | D        | Reached skill level 15 in Throwing
    17 | D        | Reached skill level 15 in Invocations
    20 | D        | Noticed a meat berserker
    20 | D        | Reached XP level 19. HP: 132/132 MP: 19/43
    20 | D        | Reached skill level 15 in Unarmed Combat
    21 | D        | Reached ****** piety under Makhleb
    21 | D        | Reached skill level 15 in Armour
    22 | D        | Noticed a large bag of meat
    22 | D        | Killed a meat berserker
    22 | D        | Killed a meat berserker
    22 | D        | Reached XP level 20. HP: 137/137 MP: 19/49
    23 | D        | Noticed a meat berserker
    24 | D        | Killed a meat berserker
    25 | D        | Reached skill level 27 in Spellcasting
    25 | D        | Reached XP level 21. HP: 142/142 MP: 20/53
    28 | D        | Reached skill level 27 in Short Blades
    29 | D        | Noticed a destroyer
    30 | D        | Noticed The Servant
    30 | D        | Killed a destroyer
    30 | D        | Reached skill level 27 in Throwing
    30 | D        | Reached skill level 27 in Invocations
    30 | D        | Reached XP level 22. HP: 148/148 MP: 21/54
    32 | D        | Reached skill level 27 in Unarmed Combat
    32 | D        | Reached skill level 27 in Armour
    35 | D        | Noticed a destroyer
    35 | D        | Reached skill level 27 in Stealth
    35 | D        | Reached XP level 23. HP: 122/153 MP: 22/55
    37 | D        | Noticed a destroyer
    37 | D        | Slain by a meat berserker

Skill      XL: |  1  2  3  4  5  6  7  8  9 10 11 12 13 14 15 16 17 18 19 20 21 22 |
---------------+-------------------------------------------------------------------+-----
Fighting       | 11 15 17 18 22 27 | 27.0
Axes           | 15 19 23 24 27 | 27.0
Dodging        | 23 27 | 27.0
Short Blades   | 6 14 18 23 25 27 | 27.0
Throwing       | 5 13 16 21 23 27 | 27.0
Armour         | 3 10 13 17 19 22 27 | 27.0
Unarmed Combat | 4 11 14 18 20 24 27 | 27.0
Spellcasting   | 6 15 19 24 27 | 27.0
Invocations    | 5 13 16 21 23 27 | 27.0
Stealth        | 27 | 27.0

Action                   |  1- 3 |  4- 6 |  7- 9 | 10-12 | 13-15 | 16-18 | 19-21 | 22-24 || total
-------------------------+-------+-------+-------+-------+-------+-------+-------+-------++-------
Melee: Broad axe         |     1 |       |       |     1 |     1 |     6 |     8 |     4 ||    21
Dodge: Dodged            |       |       |       |     1 |       |       |       |       ||     1
